 Dungeon Crawl Stone Soup version 0.21-a0-426-g98080a9 (webtiles) character file.

33 Gaball the Cudgeler (level 3, -3/23 HPs)
             Began as a Gargoyle Fighter on Nov 5, 2017.
             Slain by arkorax's ghost (9 damage)
             ... on level 4 of the Dungeon.
             The game lasted 00:04:54 (1247 turns).

Gaball the Cudgeler (Gargoyle Fighter)              Turns: 1247, Time: 00:04:55

Health: -3/23      AC: 12    Str: 25    XL:     3   Next: 29%
Magic:  3/3        EV:  5    Int:  8    God:
Gold:   54         SH:  9    Dex:  9    Spells: 2/2 levels left

rFire    . . .     SeeInvis .   a - +0 flail
rCold    . . .     Gourm    .   c - +0 shield
rNeg     + . .     Faith    .   l - +0 chain mail
rPois    ∞         Spirit   .   (no helmet)
rElec    +         Reflect  .   (no cloak)
rCorr    .         Harm     .   (no gloves)
MR       .....                  (no boots)
Stlth    ..........             (no amulet)
HPRegen  0.07/turn              (no ring)
MPRegen  0.08/turn              (no ring)

@: mighty
A: negative energy resistance 1, electricity resistance, unbreathing,
petrification resistance, rot immunity, AC +3
a: no special abilities


You were on level 4 of the Dungeon.
You were very hungry.

You visited 1 branch of the dungeon, and saw 3 of its levels.

You collected 54 gold pieces.

Inventory:

Hand Weapons
 a - a +0 flail (weapon)
Armour
 b - a +0 scale mail
 c - a +0 shield (worn)
 l - a +0 chain mail (worn)
Potions
 h - a potion of flight
 j - a potion of curing {unknown}
 k - a potion of mutation {unknown}
 m - a potion of haste {unknown}
Comestibles
 f - a bread ration
 g - 2 meat rations


   Skills:
 - Level 3.2 Fighting
 * Level 3.6 Maces & Flails
 - Level 3.2 Armour
 - Level 3.2 Shields


You had 2 spell levels left.
You didn't know any spells.

Dungeon Overview and Level Annotations

Branches:
Dungeon (2/15)

Altars:
Ashenzari
Fedhas
Xom
Zin

Annotations:
D:4 arkorax's ghost, novice DsFi


Innate Abilities, Weirdness & Mutations

You are resistant to torment.
Your stone body is resilient. (AC +3)
You are immune to poison.
You resist negative energy. (rN+)
You are resistant to electric shocks. (rElec)
You can survive without breathing.
You are immune to petrification.
You are immune to rotting.


Message History

The gnoll hits you but does no damage. The jackal bites you.
* * * LOW HITPOINT WARNING * * *
You block the jackal's attack. The gnoll barely misses you.
The gnoll hits you but does no damage.
You sock the jackal!
You kill the jackal!
You block the jackal's attack. x2; The gnoll hits you but does no damage. x2
The ball python bites you but does no damage.
The ball python grabs you. The ball python constricts you.
You barely miss the ball python. You block the jackal's attack.
You block the ball python's attack. The ball python constricts you.
The gnoll hits you but does no damage. x2
You thump the ball python!
You kill the ball python!
The jackal bites you but does no damage.
The gnoll hits you but does no damage. x2; You block the jackal's attack.
Your shield and chain mail prevent you from hitting the jackal.
You block the jackal's attack. You block the gnoll's attack.
The gnoll barely misses you. Arkorax's ghost hits you!
You die...

#........##...#.......[....
#........##...#............
#.......♣♣#...#............
#........♣#...#.......$....
+......._♣##..#............
#........♣##..#............
#.......♣.#gg.#............
#.......♣##h..#............
#........#@W))#............
+.......####.(#............
#.....)....#..#............
#..........#### ........
#..........# .. ........
#..........# #.####.....
#..........# ...% #.....
#..........# .......#.....
#######....# #. .....#.....


You could see arkorax's ghost, 2 gnolls and a jackal.

Vanquished Creatures
  A dart slug (D:4)
  4 orcs (D:4)
  3 bats
  A giant cockroach (D:1)
  A goblin (D:1)
  6 hobgoblins (D:1)
  2 jackals (D:4)
  2 kobolds
  A ball python (D:4)
  A frilled lizard (D:1)
  3 rats (D:1)
25 creatures vanquished.

Notes
Turn   | Place    | Note
-------+----------+-------------------------------------------
     0 | D:1      | Gaball the Gargoyle Fighter began the quest for the Orb.
     0 | D:1      | Reached XP level 1. HP: 14/14 MP: 1/1
    79 | D:1      | Reached XP level 2. HP: 15/19 MP: 2/2
   315 | D:1      | Found a shimmering altar of Xom.
   763 | D:2      | Found a blossoming altar of Fedhas.
   821 | D:2      | You fall through a shaft for 2 floors!
   829 | D:4      | Reached XP level 3. HP: 17/23 MP: 3/3
   860 | D:4      | Found a glowing silver altar of Zin.
  1100 | D:4      | Noticed arkorax's ghost (novice DsFi)
  1105 | D:4      | Found a shattered altar of Ashenzari.
  1247 | D:4      | Slain by arkorax's ghost

Vault maps used:
D:1:      noname_arrival_rooms_in_the_neighbourhood, xom_teletrap_fun
D:2:      kiku_gazebo_pond_becter, fedhas_altar_2, first_bread,
          nemelex_dance_club_becter
D:4:      marbit_many_paths, old_standard_altar, zin_academy,
          nicolae_overflow_hidden_temple, grunt_ministairs_7,
          nemelex_xobeh_ov_fountains_minmay

Skill      XL: |  1  2 |
---------------+-------+-----
Maces & Flails | 3 |  3.6
Fighting       | |  3.2
Armour         | |  3.2
Shields        | |  3.2

Action                   || total
-------------------------++-------
Melee: Flail             ||    98
  Use: Scroll            ||     2
       Potion            ||     1
Armor: Scale mail        ||    46
       Chain mail        ||    90
Dodge: Dodged            ||    52
Block: Shield            ||   152

Table legend:
 A = Spawn XP
 B = Non-spawn XP
 C = Spawn XP percentage of total XP
 D = Spawn monster count
 E = Non-spawn monster count
 F = Spawn count percentage of total count
 G = Total turns spent on level
                    A         B        C        D         E        F      G
               +---------+---------+-------+---------+---------+-------+---------
         Total |       0 |      48 |   0.0 |       0 |      25 |   0.0 |  1247
               +---------+---------+-------+---------+---------+-------+---------
           D:1 |       0 |      24 |   0.0 |       0 |      14 |   0.0 |   693
           D:2 |       0 |       3 |   0.0 |       0 |       3 |   0.0 |   128
           D:4 |       0 |      21 |   0.0 |       0 |       8 |   0.0 |   426
               +---------+---------+-------+---------+---------+-------+---------
